 Dungeon Crawl Stone Soup version 0.29-a0-802-g34511f41fd (webtiles) character file.

Game seed: 4499936806161311953

10 Sabo the Shield-Bearer (level 2, 24/24 HPs)
             Began as a Formicid Fighter on July 4, 2022.
             Was a Follower of Zin.
             Got out of the dungeon alive.
             The game lasted 00:01:37 (226 turns).

Sabo the Shield-Bearer (Formicid Fighter)            Turns: 226, Time: 00:01:38

Health: 24/24      AC:  6    Str: 20    XL:     2   Next: 30%
Magic:  2/2        EV:  9    Int:  7    God:    Zin [*.....]
Gold:   11         SH:  5    Dex: 13    Spells: 1/1 levels left

rFire   . . .      SeeInvis +   a - +0 war axe
rCold   . . .      Faith    .   c - +0 buckler
rNeg    . . .      Spirit   .   b - +0 scale mail
rPois   .          Reflect  .   (helmet unavailable)
rElec   .          Harm     .   (no cloak)
rCorr   .          Rampage  .   (no gloves)
Will    .....                   (no boots)
Stlth   ..........              (no amulet)
HPRegen 0.08/turn               (no ring)
MPRegen 0.08/turn               (no ring)

@: no status effects
A: permanent stasis, dig shafts and tunnels, antennae 3, four strong arms
a: Dig, Shaft Self, Renounce Religion, Recite, Donate Gold


You escaped.
You worshipped Zin.
Zin was aware of your devotion.
You visited 1 branch of the dungeon, and saw 1 of its levels.

You collected 12 gold pieces.
You donated 1 gold pieces to Zin.

Inventory:

Hand Weapons
 a - a +0 war axe (weapon)
Armour
 b - a +0 scale mail (worn)
 c - a +0 buckler (worn)
Potions
 d - a potion of might


   Skills:
 + Level 3.4 Fighting
 + Level 2.2 Axes
 + Level 3.5 Armour
 + Level 0.1 Dodging
 + Level 4.2 Shields


You had one spell level left.
You didn't know any spells.
Your spell library contained the following spells:

 Spells                   Type           Power      Damage    Failure   Level
 Magic Dart               Conj           0%         1d3       85%         1
 Searing Ray              Conj           0%         2d4       94%         2
 Fulminant Prism          Conj/Hex       0%         3d6       100%        4


Dungeon Overview and Level Annotations

Branches:
Dungeon (1/15)

Altars:
Zin


Innate Abilities, Weirdness & Mutations

You cannot be hasted, slowed, berserked, paralysed or teleported.
You can dig through walls and to a lower floor.
You have a pair of large antennae on your head. (SInv)
Your four strong arms can wield two-handed weapons with a shield.


Message History

You block the bat's attack. The bat hits you but does no damage.
You completely miss the bat. The bat barely misses you. x2
The bat hits you but does no damage.
You hit the bat.
You kill the bat!
You see here a bat corpse.
There is a stone staircase leading down here.
You open the door. You open the door.
An endoplasm comes into view.
The endoplasm quivers.
Found a faded altar of an unknown god.
There is an open door here.
The endoplasm barely misses you.
You slash the endoplasm!
You kill the endoplasm!
There is a faded altar of an unknown god here.
There is a faded altar of an unknown god here.
You cannot tell which god this altar belongs to.
Convert to them anyway?
Zin accepts your prayer! Zin welcomes you!
You pay a tithe of 1 gold.
You can now donate money to Zin.
You can now recite Zin's Axioms of Law.
There is an open door here.
You see here a +0 dagger.
A bat comes into view.
The bat closely misses you. The bat closely misses you.
You block the bat's attack.
You miss the bat. The bat barely misses you. x2
The bat hits you but does no damage. x2
There is an open door here.
You slash the bat!
You kill the bat!
You open the door.
There is a staircase leading out of the dungeon here.
There is a staircase leading out of the dungeon here.
You can't go down here!
Are you sure you want to leave the Dungeon?
This will make you lose the game!
You have escaped!

....# ....# ....#
########## ....#
#......... ....#
#.........
....###########.........
....#.. ......#.....♣...
....#'##### #......8....
..........###...@.......
###...........#.........
#........####.........
#.....................
#.#####.........######
...# #.........# ..###
#.........# .!
####.........# .
#.(..........#


There were no monsters in sight!

Vanquished Creatures
  An endoplasm (D:1)
  2 jackals (D:1)
  2 kobolds (D:1)
  2 bats (D:1)
  A frilled lizard (D:1)
  A goblin (D:1)
  A rat (D:1)
10 creatures vanquished.

Notes
Turn   | Place    | Note
-------+----------+-------------------------------------------
     0 | D:1      | Sabo the Formicid Fighter began the quest for the Orb.
     0 | D:1      | Reached XP level 1. HP: 18/18 MP: 1/1
   110 | D:1      | Reached XP level 2. HP: 24/24 MP: 2/2
   142 | D:1      | Found a faded altar of an unknown god.
   159 | D:1      | Prayed at the altar of an unknown god.
   159 | D:1      | Became a worshipper of Zin the Law-Giver
   159 | D:1      | Reached * piety under Zin
   226 | D:$      | Got out of the dungeon alive.

Illustrated notes

Levels and vault maps discovered:
D:1:      wander_arrival_lonely_grave, layout_basic,
          hellmonk_ecumenical_altar_slurped_away

Action                   || total
-------------------------++-------
Melee: War axe           ||    29
Armor: Scale mail        ||    28
Dodge: Dodged            ||    31
Block: Buckler           ||    16

Table legend: (Time is in decaauts)
 A = Elapsed time spent in this place.
 B = Non-inter-level travel time spent in this place.
 C = Inter-level travel time spent in this place.
 D = Time resting spent in this place.
 E = Time spent auto-exploring this place.
 F = Levels seen in this place.
 G = Mean time per level.
                   A        B        C        D        E       F      G
               +--------+--------+--------+--------+--------+-----+--------+
         Total |    238 |    238 |      0 |     21 |      0 |   1 |  238.0 |
       Dungeon |    238 |    238 |      0 |     21 |      0 |   1 |  238.0 |
               +--------+--------+--------+--------+--------+-----+--------+

Top non-repeatable levels by time:
     D:1: 238 daAuts
